 Dungeon Crawl Stone Soup version 0.23.2-1-ga50397a6bc (webtiles) character file.

Game seed: 10150239216642025722

130729 CptnHaddock the Executioner (level 17, -2/162 HPs)
             Began as a Hill Orc Monk on May 8, 2019.
             Was the Champion of Beogh.
             Slain by an emperor scorpion (10 damage)
             ... on level 4 of the Spider Nest on May 9, 2019.
             The game lasted 01:19:35 (39008 turns).

CptnHaddock the Executioner (Hill Orc Monk)        Turns: 39008, Time: 01:19:36

Health: -2/162     AC: 22    Str: 21    XL:     17   Next: 8%
Magic:  38/39      EV:  4    Int: 10    God:    Beogh [******]
Gold:   1889       SH:  0    Dex: 13    Spells: 16/16 levels left

rFire    + . .     SeeInvis +   r - +8 frozen axe "Frostbite" {freezing cloud, *Noise +Fly rC+}
rCold    + + .     Gourm    +   (shield currently unavailable)
rNeg     . . .     Faith    .   K - +4 chain mail
rPois    +         Spirit   .   f - +1 helmet {SInv}
rElec    .         Reflect  .   P - +2 cloak
rCorr    +         Harm     .   X - +1 pair of gloves of Gravitas {rPois MP+9 Stlth+}
MR       ++...                  U - +2 pair of boots of the First Mice {rCorr}
Stlth    ..........             j - amulet of the gourmand
HPRegen  0.37/turn              L - ring "Eloedun" {rC+ MR+}
MPRegen  0.26/turn              V - ring of protection from fire

@: held
A: walk on water
a: Smiting, Recall Orcish Followers, Give Item to Named Follower, Resurrection,
Renounce Religion, Evoke Flight


You were on level 4 of the Spider Nest.
You worshipped Beogh.
Beogh was exalted by your worship.
You were near starving.

You visited 4 branches of the dungeon, and saw 27 of its levels.
You also visited: Sewer and Bailey.

You collected 2964 gold pieces.
You spent 1075 gold pieces at shops.

Inventory:

Hand Weapons
 k - the +8 great mace of Pandemonium {crush, MR+}
   (You took it off an ogre on level 4 of the Dungeon)

   It inflicts extra damage upon your enemies.
   It affects your resistance to hostile enchantments.
 r - the +8 frozen axe "Frostbite" (weapon) {freezing cloud, *Noise +Fly rC+}
   (You found it on level 7 of the Dungeon)

   It has been specially enchanted to freeze those struck by it, causing extra
   injury to most foes and up to half again as much damage against particularly
   susceptible opponents.
   It can also slow down cold-blooded creatures.
   It protects you from cold.
   It lets you fly.
   It may make noises in combat.
Missiles
 d - 8 throwing nets
Armour
 f - a +1 helmet of see invisible (worn)
 i - the +0 pair of gloves of Wufeqoam {rElec Slay+3}
   (You found it on level 6 of the Lair of Beasts)

   It affects your accuracy and damage with ranged weapons and melee attacks
   (+3).
   It insulates you from electricity.
 I - a +3 leather armour of magic resistance
 K - a +4 chain mail (worn)
 P - a +2 cloak (worn)
 U - the +2 pair of boots of the First Mice (worn) {rCorr}
   (You found it on level 12 of the Dungeon)

   It provides partial protection from all sources of acid and corrosion.
 X - the +1 pair of gloves of Gravitas (worn) {rPois MP+9 Stlth+}
   (You found it on level 3 of the Lair of Beasts)

   It protects you from poison.
   It affects your magic capacity (+9).
   It makes you more stealthy.
Jewellery
 j - an amulet of the gourmand (around neck)
 w - an uncursed ring of see invisible
 G - an uncursed ring of protection from magic {unknown}
 L - the ring "Eloedun" (left hand) {rC+ MR+}
   (You took it off an entropy weaver on level 3 of the Spider Nest)

   [ring of protection from magic]

   It protects you from cold.
   It affects your resistance to hostile enchantments.
 V - a ring of protection from fire (right hand)
Wands
 x - a wand of digging (5)
 y - a wand of acid (23)
 J - a wand of iceblast (17)
 R - a wand of flame (39)
 W - a wand of disintegration (31)
Scrolls
 a - 2 scrolls of acquirement {unknown}
 g - 3 scrolls of brand weapon {unknown}
 s - 13 scrolls of remove curse
 t - a scroll of noise {unknown}
 v - 11 scrolls of teleportation
 B - 4 scrolls of fear
 D - 4 scrolls of fog
 E - 8 scrolls of enchant weapon {unknown}
 F - 3 scrolls of random uselessness {unknown}
 H - 3 scrolls of summoning
 M - 4 scrolls of identify
 N - a scroll of magic mapping {unknown}
 O - a scroll of holy word {unknown}
 S - 2 scrolls of enchant armour {unknown}
 T - 2 scrolls of immolation {unknown}
 Y - a scroll of silence {unknown}
 Z - a scroll of torment {unknown}
Potions
 b - 4 potions of ambrosia
 h - 2 potions of cancellation
 l - 2 potions of might
 m - 6 potions of mutation
 n - 2 potions of lignification
 o - 4 potions of brilliance
 p - a potion of magic
 q - a potion of berserk rage {unknown}
 u - 4 potions of agility
 z - 2 potions of invisibility {unknown}
 A - 3 potions of haste
 C - 3 potions of heal wounds
Comestibles
 c - 42 rations
 Q - 6 chunks of flesh


   Skills:
 + Level 17.4 Fighting
 * Level 23.7 Axes
 - Level 2.4 Dodging
 - Level 1.5 Stealth
 + Level 19.8 Invocations


You had 16 spell levels left.
You didn't know any spells.
Your spell library contained the following spells:

 Spells                   Type           Power        Failure   Level  Hunger
 Animate Skeleton         Necr           N/A          99%         1    ##.....
 Apportation              Tloc           #.....       99%         1    ##.....
 Confusing Touch          Hex            #.....       99%         1    ##.....
 Magic Dart               Conj           #...         99%         1    ##.....
 Pain                     Necr           #...         99%         1    ##.....
 Summon Small Mammal      Summ           #...         99%         1    ##.....
 Blink                    Tloc           N/A          100%        2    ###....
 Call Imp                 Summ           #.......     100%        2    ###....
 Poisonous Vapours        Pois/Air       #.....       100%        2    ###....
 Slow                     Hex            #.......     100%        2    ###....
 Confuse                  Hex            #.......     100%        3    ####...
 Conjure Flame            Conj/Fire      #.......     100%        3    ####...
 Gell's Gravitas          Tloc           #.........   100%        3    ####...
 Mephitic Cloud           Conj/Pois/Air  #.......     100%        3    ####...
 Regeneration             Chrm/Necr      #.........   100%        3    ####...
 Vampiric Draining        Necr           #.........   100%        3    ####...
 Animate Dead             Necr           N/A          100%        4    #####..
 Petrify                  Tmut/Erth      #.......     100%        4    #####..
 Metabolic Englaciation   Hex/Ice        #.........   100%        5    ######.
 Yara's Violent Unravell  Hex/Tmut       #.........   100%        5    ######.
 Freezing Cloud           Conj/Ice/Air   #.........   100%        6    #######
 Ring of Flames           Chrm/Fire      #.........   100%        7    #######


Dungeon Overview and Level Annotations

Branches:
Dungeon (15/15)              Lair (6/6) D:9           Swamp (0/4) Lair:2
 Spider (4/4) Lair:2        Slime (0/5) Lair:6          Orc (2/2) D:10
    Elf (0/3) Orc:2        Vaults (0/5) D:14         Depths (0/5) D:15
 Temple: D:4-7

Altars:
Cheibriados
Dithmenos
Elyvilon
Gozag
Qazlal
Ru
Trog
Uskayaw
Zin
Jiyva

Shops:
D:2 *   D:7 (   D:10 (?   D:13 *   Orc:2 [}?%

Portals:
Pandemonium: Orc:2

Annotations:
D:13 2 runed translucent doors, foxfromabyss's ghost, journeyman FeTm
D:14 exclusion: Roxanne, Roxanne
Lair:4 1 runed translucent door, Sama's ghost, journeyman TrWr


Message History

Unknown command.
Unknown command.
Unknown command.
Unknown command.
Unknown command.
Unknown command.
Unknown command.
Unknown command.
Unknown command.
Unknown command.
Unknown command.
You feel much better.
Ugbert no longer looks unusually strong.
The emperor scorpion stings you!
* * * LOW HITPOINT WARNING * * *
The emperor scorpion claws you but does no damage. x2
The jumping spider leaps!
The emperor scorpion stings you!!
* * * LOW HITPOINT WARNING * * *
The emperor scorpion claws you!
You die...

###### #.oo.##
##.≈o≈.##
#.s@...s##
#ss○.^...#
##(###..≈.#
#††# #.†..#
#s..# ##..○#
#ss≈. #...#
#s.s.. #^..#
......s#...#
#..≈.≈≈.##..##


You could see 3 emperor scorpions, an orb spider (fleeing), a jumping spider
(fleeing), 2 tarantellas, a redback (fleeing), the friendly Rocco the orc
warlord, the friendly Ugbert the orc warlord and the friendly Beowulf the orc
knight.

Vanquished Creatures
  Rupert (D:14)
  Agnes (Spider:3)
  Donald (Spider:1)
  3 emperor scorpions
  A dire elephant (Lair:6)
  An entropy weaver (Spider:1)
  Azrael (D:14)
  Josephine (Orc:1)
  4 hydras
  3 vault guards (D:14)
  Erolcha (Orc:1)
  A catoblepas (Lair:6)
  A death knight (D:14)
  Erica (D:8)
  3 death yaks (Lair:6)
  4 orc high priests (Orc:2)
  2 soul eaters (Orc:2)
  Sonja (D:13)
  A spark wasp zombie (D:15)
  An unseen horror (D:6)
  An infernal demonspawn (Orc:2)
  A gelid demonspawn (Orc:2)
  A skeletal warrior (D:14)
  A flayed ghost (D:15)
  Pikel (D:5)
  A torturous demonspawn (Orc:2)
  2 orc knights (Orc:2)
  5 orb spiders
  A deep elf mage (D:13)
  4 orc sorcerers (Orc:2)
  20 wolf spiders
  3 ugly things
  3 cyclopes
  A moth of wrath (Spider:4)
  A manticore (Lair:6)
  Joseph (D:8)
  3 black mambas
  The ghost of hargerflarg the Chopper, a novice MiBe of Trog (D:5)
  10 elephants
  3 gargoyles
  6 spiny frogs
  2 torpor snails
  7 demonic crawlers
  3 komodo dragons
  A rime drake (Lair:6)
  2 freezing wraiths (D:14)
  A troll (shapeshifter) (D:14)
  18 jumping spiders
  4 trolls
  6 slime creatures
  7 blink frogs
  A bog body (Lair:2)
  2 dream sheep (Lair:6)
  5 hippogriffs
  12 tarantellas
  A shadow (D:13)
  65 redbacks
  A fire bat (D:9)
  A vampire (D:14)
  2 wyverns
  3 fire elementals (D:14)
  2 wraiths (Orc:1)
  28 yaks
  A chaos spawn (Orc:2)
  The ghost of Belius the Covered, an amateur HuFi (D:4)
  A steam dragon (D:12)
  A hungry ghost (D:12)
  2 vampire mosquitoes (D:12)
  2 swamp worms (Lair:2)
  2 acid dragons
  10 water moccasins
  2 hell hounds (D:14)
  8 porcupines
  3 sky beasts
  Purgy (Sewer)
  2 necrophages
  4 ice beasts
  4 orc warriors
  4 slaves (D:5)
  15 ogres
  5 phantoms
  2 black bears
  2 centaurs
  15 wolves
  10 crocodiles
  A big kobold (D:7)
  18 bullfrogs
  8 gnoll sergeants (Bailey)
  A wyvern zombie (D:13)
  A wyvern skeleton (D:11)
  2 scorpions
  6 killer bees (D:12)
  3 wights (D:6)
  3 electric eels
  2 howler monkeys (D:8)
  9 crimson imps
  A bullfrog zombie (D:5)
  5 centaur zombies
  2 quasits
  6 jellies
  6 orc priests
  6 orc wizards
  3 bullfrog skeletons
  7 gnoll shamans
  4 centaur skeletons
  11 hounds
  5 iguanas
  8 worker ants
  A human simulacrum (D:11)
  A hound zombie (D:6)
  2 hound skeletons
  A howler monkey zombie (D:6)
  24 gnolls
  16 adders
  4 river rats (D:4)
  A shadow imp (D:7)
  4 oozes (D:11)
  An adder skeleton (D:4)
  4 worms
  3 dart slugs
  10 leopard geckos
  19 orcs
  5 bats
  10 giant cockroaches
  5 goblins
  7 hobgoblins
  5 jackals
  15 kobolds
  5 quokkas
  3 ball pythons
  4 frilled lizards
  A leopard gecko skeleton (D:9)
  2 quokka skeletons
  10 rats
  A bush (D:15)
  A fungus (Lair:2)
  7 plants
  2 withered plants (D:15)
666 creatures vanquished.

Vanquished Creatures (collateral kills)
  2 emperor scorpions (Spider:3)
  An entropy weaver (Spider:3)
  5 vault guards (D:14)
  6 hydras
  2 catoblepae (Lair:6)
  4 death yaks (Lair:6)
  A centaur warrior (D:13)
  A skeletal warrior (D:15)
  4 unseen horrors
  A golden dragon zombie (D:15)
  A necromancer (D:15)
  A phantasmal warrior (D:14)
  8 orb spiders
  A stone giant zombie (D:15)
  An orc sorcerer (Orc:2)
  10 wolf spiders
  3 ugly things
  2 manticores
  5 slime creatures
  3 elephants
  A spriggan zombie (D:15)
  5 black mambas
  2 torpor snails
  A centaur zombie (D:11)
  8 spiny frogs
  2 centaur skeletons (D:15)
  5 komodo dragons
  5 demonic crawlers
  A redback zombie (D:13)
  A guardian mummy (D:15)
  15 jumping spiders
  A troll (D:15)
  2 hornets (Spider:3)
  4 blink frogs
  9 dream sheep (Lair:6)
  A bog body (Lair:2)
  5 hippogriffs
  2 wraiths (Orc:1)
  41 redbacks
  14 tarantellas
  11 yaks
  3 basilisks
  A hungry ghost (D:10)
  A fire elemental (D:14)
  A swamp worm (Lair:2)
  An acid dragon (D:11)
  A water moccasin (Lair:6)
  2 hell hounds (D:14)
  4 porcupines
  2 ice beasts
  7 orc warriors
  A black bear (Lair:4)
  7 wolves
  4 crocodiles
  6 bullfrogs
  3 big kobolds
  4 killer bees (D:12)
  A howler monkey (D:8)
  A quasit (D:9)
  A bullfrog zombie (D:12)
  3 hounds
  A jelly (D:8)
  8 orc priests
  An orc wizard (Orc:2)
  An iguana (D:9)
  3 worker ants
  A killer bee zombie (D:10)
  2 adders
  3 shadow imps
  An ooze (D:11)
  A leopard gecko (D:11)
  9 orcs
  2 goblins (D:8)
  4 kobolds (D:12)
  A bush (D:15)
  5 fungi
  2 plants
  A withered plant (D:15)
298 creatures vanquished.

Vanquished Creatures (others)
  An orc knight (Orc:1)
  2 orc sorcerers (Orc:2)
  An orb spider (Spider:4)
  16 orc warriors
  An ogre (Orc:1)
  6 orc priests
  9 orc wizards
  A human simulacrum (D:11)
  28 orcs
  A bush (D:15)
  4 fungi
  7 plants
  2 withered plants (D:15)
79 creatures vanquished.

Grand Total: 1043 creatures vanquished

Notes
Turn   | Place    | Note
-------+----------+-------------------------------------------
     0 | D:1      | CptnHaddock the Hill Orc Monk began the quest for the Orb.
     0 | D:1      | Reached XP level 1. HP: 19/19 MP: 1/1
   459 | D:1      | Reached XP level 2. HP: 14/27 MP: 2/2
  1204 | D:2      | Reached skill level 5 in Axes
  1214 | D:2      | Reached XP level 3. HP: 29/33 MP: 3/3
  1603 | D:2      | Found an opulent altar of Gozag.
  1603 | D:2      | Found Gozag's Platinum Reserve.
  1653 | D:2      | Reached XP level 4. HP: 22/41 MP: 4/4
  1917 | D:2      | Reached skill level 6 in Axes
  2579 | D:3      | Reached XP level 5. HP: 38/47 MP: 5/5
  2716 | D:3      | Noticed an orc warrior
  3160 | D:2      | Reached skill level 5 in Fighting
  3366 | D:2      | Found a stormy altar of Qazlal.
  3772 | D:3      | Became a worshipper of Beogh the Brigand
  3772 | D:3      | Reached * piety under Beogh
  3772 | D:3      | Reached ** piety under Beogh
  4206 | D:4      | Reached skill level 7 in Axes
  4206 | D:4      | Reached skill level 1 in Invocations
  4348 | D:4      | Reached XP level 6. HP: 56/56 MP: 7/7
  4473 | D:4      | Found a transporter.
  4586 | D:4      | Found a glowing drain.
  4594 | Sewer    | Entered a sewer
  4862 | Sewer    | Noticed Purgy
  4873 | Sewer    | Killed Purgy
  4873 | Sewer    | Reached XP level 7. HP: 26/62 MP: 8/10
  5306 | D:4      | Noticed Belius's ghost (amateur HuFi)
  5306 | D:4      | Identified the +8 great mace of Pandemonium {crush, MR+}
  5307 | D:4      | Found a transporter.
  5323 | D:4      | Noticed Edmund
  5328 | D:4      | Noticed Edmund
  5328 | D:4      | Edmund changed into Edmund the scorpion
  5329 | D:4      | Killed Edmund the scorpion
  5452 | D:4      | Found a snail-covered altar of Cheibriados.
  5474 | D:4      | Reached skill level 5 in Invocations
  5930 | D:5      | Entered Level 5 of the Dungeon
  5940 | D:5      | Reached skill level 8 in Axes
  6067 | D:5      | Found a bloodstained altar of Trog.
  6087 | D:5      | Noticed Pikel
  6120 | D:5      | Killed Pikel
  6120 | D:5      | Reached XP level 8. HP: 34/73 MP: 11/13
  6325 | D:5      | Found a glowing silver altar of Zin.
  6355 | D:5      | Reached skill level 9 in Axes
  6382 | D:5      | Found a runed translucent gate.
  6383 | D:5      | Found a runed translucent gate.
  6384 | D:5      | Found a runed translucent gate.
  6385 | D:5      | Noticed hargerflarg's ghost (novice MiBe)
  6438 | D:5      | Found a white marble altar of Elyvilon.
  6647 | D:5      | Found a snail-covered altar of Cheibriados.
  6790 | D:6      | Killed an unseen horror
  6790 | D:6      | Reached XP level 9. HP: 39/81 MP: 14/16
  7010 | D:6      | Reached skill level 10 in Invocations
  7016 | D:6      | Reached skill level 10 in Axes
  7790 | D:6      | Reached *** piety under Beogh
  8206 | D:6      | Found a sacrificial altar of Ru.
  8346 | D:7      | Noticed a gargoyle
  8353 | D:7      | Killed a gargoyle
  8353 | D:7      | Reached XP level 10. HP: 53/91 MP: 18/18
  8666 | D:7      | Found a hide-covered altar of Uskayaw.
  8749 | D:7      | Found the +8 frozen axe "Frostbite" {freezing cloud, *Noise
                  | +Fly rC+}
  8753 | D:7      | Reached skill level 11 in Axes
  8980 | D:7      | Found Wierr's Weapon Emporium.
  9158 | D:7      | Reached **** piety under Beogh
  9486 | D:8      | Noticed Joseph
  9497 | D:8      | Killed Joseph
  9526 | D:8      | Noticed Erica
  9531 | D:8      | Killed Erica
  9531 | D:8      | Reached skill level 10 in Fighting
  9589 | D:8      | Reached skill level 12 in Axes
  9606 | D:8      | Found a flagged portal.
  9616 | Bailey   | Entered a bailey
 11097 | D:8      | Reached XP level 11. HP: 101/101 MP: 20/20
 11103 | D:8      | Found a shadowy altar of Dithmenos.
 12859 | D:9      | Reached skill level 13 in Axes
 12863 | D:9      | Reached ***** piety under Beogh
 13260 | D:9      | Gained Bolgrim as an ally
 13409 | D:9      | Found a staircase to the Lair.
 13634 | D:9      | Noticed Maurice
 13639 | D:9      | Noticed Maurice
 13639 | D:9      | Maurice changed into Maurice the fire bat
 13642 | D:9      | Killed Maurice the fire bat
 13986 | D:10     | Entered Level 10 of the Dungeon
 14041 | D:10     | Found a staircase to the Orcish Mines.
 14059 | D:10     | Found Vaxketro's Weapon Shop.
 14265 | D:10     | Found Ropt's Magic Scroll Emporium.
 14270 | D:10     | Bought a scroll of summoning for 142 gold pieces
 14365 | D:10     | Killed an unseen horror
 14801 | D:11     | Reached skill level 14 in Axes
 15152 | D:11     | Noticed a green ugly thing
 15159 | D:11     | Killed a green ugly thing
 15380 | D:11     | Noticed a green ugly thing
 15385 | D:11     | Killed a green ugly thing
 15653 | D:12     | Noticed a cyan ugly thing
 15662 | D:12     | Reached XP level 12. HP: 39/111 MP: 13/22
 15665 | D:12     | Reached skill level 15 in Axes
 16163 | D:12     | Noticed a seven-headed hydra
 16170 | D:12     | Killed an eight-headed hydra
 16804 | D:12     | Got a pair of distressingly furry boots
 16805 | D:12     | Identified the +2 pair of boots of the First Mice {rCorr}
                  | (You found it on level 12 of the Dungeon)
 17072 | D:13     | Gained Rocco as an ally
 17164 | D:13     | Found Ypsag's Assorted Antiques.
 17168 | D:13     | Bought a scroll labeled FIUROBRIEQ for 32 gold pieces
 17168 | D:13     | Bought a scroll labeled LARUABU DOOM for 32 gold pieces
 17168 | D:13     | Bought 3 coppery potions for 86 gold pieces
 17315 | D:13     | Found a large runed translucent door.
 17316 | D:13     | Found a large runed translucent door.
 17316 | D:13     | Noticed foxfromabyss's ghost (journeyman FeTm)
 17333 | D:13     | Noticed Sonja
 17341 | D:13     | Killed Sonja
 17341 | D:13     | Reached skill level 15 in Invocations
 17554 | D:13     | Reached skill level 16 in Axes
 17876 | D:13     | Gained Ugbert as an ally
 18135 | D:14     | Noticed Azrael
 18367 | D:13     | Noticed a centaur warrior
 18373 | D:13     | Killed a centaur warrior
 18478 | D:14     | Identified Roxanne's Grimoire of Transmigration
 18478 | D:14     | Noticed Roxanne
 18485 | D:14     | Noticed a death knight
 18582 | Lair:1   | Entered Level 1 of the Lair of Beasts
 18615 | Lair:1   | Noticed an eight-headed hydra
 18621 | Lair:1   | Killed a nine-headed hydra
 18641 | Lair:1   | Reached XP level 13. HP: 109/119 MP: 24/24
 18768 | Lair:1   | Reached skill level 17 in Axes
 19106 | Lair:1   | You fall through a shaft!
 19484 | Lair:2   | Found a hole to the Spider Nest.
 20046 | Lair:2   | Found a staircase to the Swamp.
 20400 | Lair:3   | Got a pair of faintly glowing gloves
 20401 | Lair:3   | Identified the +1 pair of gloves of Gravitas {rPois MP+9
                  | Stlth+} (You found it on level 3 of the Lair of Beasts)
 21315 | D:7      | Bought a +3 glaive of venom for 372 gold pieces
 21465 | Lair:4   | Reached skill level 18 in Axes
 21513 | Lair:4   | Reached ****** piety under Beogh
 21719 | Lair:4   | Found a runed translucent door.
 21723 | Lair:4   | Noticed Sama's ghost (journeyman TrWr)
 23006 | Lair:6   | Entered Level 6 of the Lair of Beasts
 23142 | Lair:6   | Reached XP level 14. HP: 132/132 MP: 26/26
 23177 | Lair:6   | Reached skill level 19 in Axes
 23553 | Lair:6   | Found a viscous altar of Jiyva.
 23554 | Lair:6   | Found a staircase to the Slime Pits.
 23783 | Lair:6   | Noticed a dire elephant
 23789 | Lair:6   | Killed a dire elephant
 24661 | Lair:6   | Got a pair of warped gloves
 24662 | Lair:6   | Identified the +0 pair of gloves of Wufeqoam {rElec Slay+3}
                  | (You found it on level 6 of the Lair of Beasts)
 24721 | Lair:6   | Reached skill level 20 in Axes
 25455 | D:14     | Reached skill level 15 in Fighting
 25472 | D:14     | Killed Azrael
 26140 | D:14     | Reached XP level 15. HP: 98/141 MP: 24/27
 26371 | D:14     | Noticed Rupert
 26379 | D:14     | Killed Rupert
 26385 | D:14     | Found a gate to the Vaults.
 26392 | D:14     | Reached skill level 21 in Axes
 26942 | D:15     | Entered Level 15 of the Dungeon
 26984 | D:15     | Found a staircase to the Depths.
 27942 | Orc:1    | Entered Level 1 of the Orcish Mines
 27973 | Orc:1    | Noticed Josephine
 27980 | Orc:1    | Killed Josephine
 27990 | Orc:1    | Gained Morun as an ally
 28260 | Orc:1    | Noticed Erolcha
 28267 | Orc:1    | Killed Erolcha
 28308 | Orc:2    | Entered Level 2 of the Orcish Mines
 28633 | Orc:2    | Found a staircase to the Elven Halls.
 29237 | Orc:2    | Found Xunt's Food Emporium.
 29239 | Orc:2    | Found Wasuir Vace's Magic Scroll Shoppe.
 29699 | Orc:2    | Bought a scroll of summoning for 133 gold pieces
 29699 | Orc:2    | Bought a scroll of fear for 49 gold pieces
 29699 | Orc:2    | Bought a scroll of fear for 49 gold pieces
 30114 | Orc:2    | Gained Brunolf as an ally
 30285 | Orc:2    | Found Plog's Gadget Boutique.
 30285 | Orc:2    | Found Ysi Kutz's Antique Armour Shop.
 30286 | Orc:2    | Found a one-way gate leading to the halls of Pandemonium.
 30290 | Orc:2    | Bought a runed helmet for 180 gold pieces
 31002 | D:4      | Killed Belius's ghost
 31142 | D:5      | Killed hargerflarg's ghost
 31316 | Spider:1 | Entered Level 1 of the Spider Nest
 31363 | Spider:1 | Noticed Donald
 31369 | Spider:1 | Killed Donald
 31527 | Spider:1 | Reached skill level 22 in Axes
 32278 | Spider:1 | Reached XP level 16. HP: 147/151 MP: 29/29
 32288 | Spider:1 | Gained Beowulf as an ally
 34983 | Spider:3 | Reached skill level 23 in Axes
 34985 | Spider:3 | Identified the ring "Eloedun" {rC+ MR+}
 35366 | Spider:4 | Entered Level 4 of the Spider Nest
 37220 | Spider:4 | Noticed Agnes
 37233 | Spider:3 | Killed Agnes
 37256 | Spider:2 | HP: 7/155 [poisoned by Agnes]
 37261 | Spider:2 | HP: 6/155 [poisoned by Agnes]
 37268 | Spider:2 | HP: 5/155 [poisoned by Agnes]
 37275 | Spider:2 | HP: 6/155 [poisoned by Agnes]
 37283 | Spider:2 | HP: 6/155 [poisoned by Agnes]
 38687 | Spider:4 | Reached XP level 17. HP: 119/161 MP: 30/30
 39008 | Spider:4 | HP: 8/162 [emperor scorpion (26)]
 39008 | Spider:4 | Slain by an emperor scorpion

Skill      XL: |  1  2  3  4  5  6  7  8  9 10 11 12 13 14 15 16 |
---------------+-------------------------------------------------+-----
Fighting       | 4 5 7 8 9 10 11 12 14 15 16 17 | 17.4
Axes           | 5 6 7 8 9 10 12 14 16 18 20 22 23 | 23.7
Invocations    | 2 4 7 9 11 13 14 15 16 17 18 19 | 19.8
Dodging        | |  2.4
Stealth        | |  1.5

Action                   |  1- 3 |  4- 6 |  7- 9 | 10-12 | 13-15 | 16-18 || total
-------------------------+-------+-------+-------+-------+-------+-------++-------
Melee: Hand axe          |    92 |   128 |       |       |       |       ||   220
       War axe           |       |   118 |   233 |    49 |       |       ||   400
       Unarmed           |       |       |     5 |       |       |       ||     5
       Executioner's axe |       |       |       |   341 |   497 |   267 ||  1105
Throw: Stone             |    10 |       |       |       |       |       ||    10
Invok: Convert to Beogh  |       |     1 |       |       |       |       ||     1
       Smiting           |       |     1 |     3 |    11 |    18 |     7 ||    40
       Recall Orcish Fol |       |       |       |     7 |     4 |       ||    11
       Stop Recall       |       |       |       |     3 |     4 |       ||     7
       Give Item to Name |       |       |       |       |     3 |     1 ||     4
 Abil: Evoke Flight      |       |       |       |     1 |       |     1 ||     2
Evoke: Wand              |       |     2 |     9 |    11 |     2 |     9 ||    33
       Phantom mirror    |       |       |       |       |     1 |       ||     1
  Use: Scroll            |       |     6 |     2 |    10 |     9 |     2 ||    29
       Potion            |       |     2 |     1 |     1 |       |     5 ||     9
 Stab: Distracted        |       |       |       |     3 |     6 |     3 ||    12
       Paralysed         |       |       |       |       |     1 |       ||     1
  Eat: Chunk             |     1 |    15 |     9 |    40 |    23 |     5 ||    93
       Ration            |       |       |       |     2 |     4 |     4 ||    10
Armor: Ring mail         |    25 |       |       |       |       |       ||    25
       Scale mail        |    23 |   116 |   105 |   107 |       |       ||   351
       Chain mail        |       |       |       |   152 |   425 |   428 ||  1005
       Skin              |       |       |       |       |       |    17 ||    17
Dodge: Dodged            |    48 |   138 |   139 |   228 |   226 |   208 ||   987
